3AAA
BLOOMINGTON LONGNECKS @ PORT ROYAL DISASTER
09/13/2025
 
TOP OF THE 1ST
Bloomington Longnecks batting - Pitching for Port Royal Disaster : LHP Rafael Rivera
Pitching: LHP Rafael Rivera
Batting: RHB Raúl Delgado 0-0: Foul Ball, location: 2F
0-1: Foul Ball, location: 2F
0-2: SINGLE (Flyball, 9S)
Batting: RHB Frank Crocker 0-0: Called Strike
0-1: Ball
Balk!
Raúl Delgado to second
1-1: Foul Ball, location: 2F
1-2: SINGLE (Flyball, 8LS)
Raúl Delgado to third
Runner from 3rd tries for Home, SAFE, no throw
Batting: RHB Darrell Terwey 0-0: Called Strike
0-1: Ball
1-1: Called Strike
1-2: Strikes out swinging
Batting: RHB Ethan Miller 0-0: Ball
Frank Crocker is caught stealing 2nd base
1-0: Ball
2-0: Ball
3-0: Base on Balls
Batting: RHB Aurelio Vázquez 0-0: Called Strike
0-1: Called Strike
0-2: Ball
1-2: Strikes out looking
Top of the 1st over - 1 run(s), 2 hit(s), 0 error(s), 1 left on base; Bloomington 1 - Port Royal 0
BOTTOM OF THE 1ST
Port Royal Disaster batting - Pitching for Bloomington Longnecks : RHP Pedro Lara
Pitching: RHP Pedro Lara
Batting: RHB Manuel Becerra 0-0: Foul Ball, location: 2F
0-1: Foul Ball, location: 2F
0-2: Ball
1-2: Ball
2-2: Foul Ball, location: 2F
2-2: Ball
3-2: Fly out, F8 (Line Drive, 89S)
Batting: RHB Sergio Martínez 0-0: Called Strike
0-1: Foul Ball, location: 2F
0-2: Strikes out swinging
Batting: LHB Davis Mills 0-0: Called Strike
0-1: SINGLE (Line Drive, 7S)
Batting: RHB Martín Méndez 0-0: Called Strike
0-1: Ball
1-1: Ball
2-1: Called Strike
2-2: Fielders Choice at 2nd, 6-4 (Groundball, 56)
Bottom of the 1st over - 0 run(s), 1 hit(s), 0 error(s), 0 left on base; Bloomington 1 - Port Royal 0
TOP OF THE 2ND
Bloomington Longnecks batting - Pitching for Port Royal Disaster : LHP Rafael Rivera
Batting: RHB Noriaki Okada 0-0: Foul Ball, location: 2F
0-1: Called Strike
0-2: Ball
1-2: Reached on error, E6 (Groundball, 56)
Batting: SHB Jared Jefferson 0-0: Swinging Strike
0-1: Ball
1-1: Called Strike
1-2: Ball
2-2: Strikes out swinging
Batting: LHB Felipe López 0-0: Called Strike
0-1: Ball
1-1: Foul Ball, location: 2F
1-2: Ball
2-2: Ball
3-2: Base on Balls
Noriaki Okada to second
Batting: LHB Gonzalo López 0-0: Foul Ball, location: 2F
0-1: Ball
1-1: Foul Ball, location: 2F
1-2: Ball
2-2: Foul Ball, location: 2F
2-2: Strikes out swinging
Batting: RHB Raúl Delgado 0-0: Ball
1-0: Called Strike
1-1: Ball
2-1: Swinging Strike
2-2: Ball
3-2: Foul Ball, location: 2F
3-2: Strikes out swinging
Top of the 2nd over - 0 run(s), 0 hit(s), 1 error(s), 2 left on base; Bloomington 1 - Port Royal 0
BOTTOM OF THE 2ND
Port Royal Disaster batting - Pitching for Bloomington Longnecks : RHP Pedro Lara
Batting: LHB Chia-ch'ing Dodman 0-0: Called Strike
0-1: Ball
1-1: Foul Ball, location: 2F
1-2: Ball
2-2: Ball
3-2: Base on Balls
Batting: SHB Arsenio Sameiro 0-0: Ball
1-0: Called Strike
1-1: Ball
2-1: Foul Ball, location: 2F
2-2: Grounds into double play, 4-6-3 (Groundball, 34)
Batting: SHB Bob Rogers 0-0: Called Strike
0-1: Fly out, F7 (Flyball, 78S)
Bottom of the 2nd over - 0 run(s), 0 hit(s), 0 error(s), 0 left on base; Bloomington 1 - Port Royal 0
TOP OF THE 3RD
Bloomington Longnecks batting - Pitching for Port Royal Disaster : LHP Rafael Rivera
Batting: RHB Frank Crocker 0-0: Called Strike
0-1: SINGLE (Groundball, 6MD)
Batting: RHB Darrell Terwey 0-0: Called Strike
0-1: Ball
1-1: Ball
2-1: Fly out, F3 (Popup, 3L)
Batting: RHB Ethan Miller 0-0: Ball
1-0: Ball
2-0: Ball
3-0: Base on Balls
Frank Crocker to second
Batting: RHB Aurelio Vázquez 0-0: Ball
1-0: Ball
2-0: Called Strike
2-1: Ball
3-1: Foul Ball, location: 2F
3-2: Fly out, F4 (Popup, 4D)
Batting: RHB Noriaki Okada 0-0: Called Strike
0-1: Foul Ball, location: 2F
0-2: Ball
1-2: Foul Ball, location: 2F
1-2: Strikes out swinging
Top of the 3rd over - 0 run(s), 1 hit(s), 0 error(s), 2 left on base; Bloomington 1 - Port Royal 0
BOTTOM OF THE 3RD
Port Royal Disaster batting - Pitching for Bloomington Longnecks : RHP Pedro Lara
Batting: RHB Ronnie Cleveland 0-0: Called Strike
0-1: Ball
1-1: Ball
2-1: Ball
3-1: Base on Balls
Batting: RHB Aurelio García 0-0: Ball
1-0: Ball
2-0: Fly out, F7 (Flyball, 7LM)
Batting: RHB Manuel Becerra 0-0: Ball
1-0: Ball
2-0: Ball
3-0: Called Strike
3-1: Base on Balls
Ronnie Cleveland to second
Batting: RHB Sergio Martínez 0-0: Ball
1-0: Ball
2-0: Foul Ball, location: 2F
2-1: Swinging Strike
2-2: SINGLE (Groundball, 5) (infield hit)
Ronnie Cleveland to third
Manuel Becerra to second
Batting: LHB Davis Mills 0-0: Ball
1-0: Ball
2-0: Called Strike
2-1: Foul Ball, location: 2F
2-2: Fly out, F9 (Flyball, 9S)
Batting: RHB Martín Méndez 0-0: Ground out 1-3 (Groundball, 13S)
Bottom of the 3rd over - 0 run(s), 1 hit(s), 0 error(s), 3 left on base; Bloomington 1 - Port Royal 0
TOP OF THE 4TH
Bloomington Longnecks batting - Pitching for Port Royal Disaster : LHP Rafael Rivera
Batting: SHB Jared Jefferson 0-0: Ball
1-0: Swinging Strike
1-1: Called Strike
1-2: Strikes out swinging
Batting: LHB Felipe López 0-0: Ball
1-0: Swinging Strike
1-1: Swinging Strike
1-2: Ball
2-2: Ground out 4-3 (Groundball, 4)
Batting: LHB Gonzalo López 0-0: Called Strike
0-1: Called Strike
0-2: Strikes out swinging
Top of the 4th over - 0 run(s), 0 hit(s), 0 error(s), 0 left on base; Bloomington 1 - Port Royal 0
BOTTOM OF THE 4TH
Port Royal Disaster batting - Pitching for Bloomington Longnecks : RHP Pedro Lara
Batting: LHB Chia-ch'ing Dodman 0-0: Ball
1-0: Ball
2-0: Ball
3-0: Base on Balls
Batting: SHB Arsenio Sameiro 0-0: Foul Ball, location: 2F
0-1: Foul Ball, location: 2F
0-2: Ball
1-2: Fly out, F7 (Line Drive, 7)
Batting: SHB Bob Rogers 0-0: Called Strike
0-1: Ball
1-1: Fielders Choice at 2nd, 4-6 (Groundball, 4D)
Batting: RHB Ronnie Cleveland 0-0: Ball
1-0: Called Strike
1-1: Foul Ball, location: 2F
1-2: Ground out 6-3 (Groundball, 6)
Bottom of the 4th over - 0 run(s), 0 hit(s), 0 error(s), 1 left on base; Bloomington 1 - Port Royal 0
TOP OF THE 5TH
Bloomington Longnecks batting - Pitching for Port Royal Disaster : LHP Rafael Rivera
Pitching: RHP Miguel Hernández
Batting: RHB Raúl Delgado 0-0: Called Strike
0-1: Called Strike
0-2: Strikes out swinging
Batting: RHB Frank Crocker 0-0: Ball
1-0: Ball
2-0: Ball
3-0: Called Strike
3-1: Base on Balls
Batting: RHB Darrell Terwey 0-0: Foul Ball, location: 2F
0-1: Called Strike
0-2: Ball
1-2: Foul Ball, location: 2F
1-2: Foul Ball, location: 2F
1-2: Ball
2-2: Ball
3-2: Base on Balls
Frank Crocker to second
Batting: RHB Ethan Miller 0-0: Ball
1-0: Ball
2-0: Called Strike
2-1: Ball
3-1: Base on Balls
Frank Crocker to third
Darrell Terwey to second
Batting: RHB Aurelio Vázquez 0-0: Called Strike
0-1: Ball
1-1: Ball
2-1: Ball
3-1: Base on Balls
Frank Crocker scores
Darrell Terwey to third
Ethan Miller to second
Batting: RHB Noriaki Okada 0-0: Ball
1-0: Called Strike
1-1: Ball
2-1: Called Strike
2-2: Strikes out swinging
Batting: SHB Jared Jefferson 0-0: SINGLE (Groundball, 34D)
Darrell Terwey scores
Ethan Miller to third
Aurelio Vázquez to second
Runner from 3rd tries for Home, SAFE, no throw
Batting: LHB Felipe López 0-0: Ground out 6-3 (Groundball, 6MS)
Top of the 5th over - 3 run(s), 1 hit(s), 0 error(s), 2 left on base; Bloomington 4 - Port Royal 0
BOTTOM OF THE 5TH
Port Royal Disaster batting - Pitching for Bloomington Longnecks : RHP Pedro Lara
Batting: RHB Aurelio García 0-0: Called Strike
0-1: Swinging Strike
0-2: Ball
1-2: Ball
2-2: Ball
3-2: Strikes out swinging
Batting: RHB Manuel Becerra 0-0: Ball
1-0: Foul Ball, location: 2F
1-1: Ground out 5-3 (Groundball, 56S)
Batting: RHB Sergio Martínez 0-0: Ball
1-0: Ground out 6-3 (Groundball, 56)
Bottom of the 5th over - 0 run(s), 0 hit(s), 0 error(s), 0 left on base; Bloomington 4 - Port Royal 0
TOP OF THE 6TH
Bloomington Longnecks batting - Pitching for Port Royal Disaster : RHP Miguel Hernández
Pitching: RHP Juan Carlos Maestas
Batting: LHB Gonzalo López 0-0: Called Strike
0-1: Ball
1-1: Called Strike
1-2: Strikes out swinging, 2-3 out at first.
Batting: RHB Raúl Delgado 0-0: Called Strike
0-1: Foul Ball, location: 2F
0-2: Ground out 6-3 (Groundball, 6)
Batting: RHB Frank Crocker 0-0: Ball
1-0: Ball
2-0: Called Strike
2-1: SINGLE (Groundball, 56S) (infield hit)
Batting: RHB Darrell Terwey 0-0: Called Strike
Frank Crocker steals 2nd base
0-1: Foul Ball, location: 2F
0-2: SINGLE (Line Drive, 56D)
Frank Crocker to third
Runner from 3rd tries for Home, SAFE, no throw
Batting: RHB Ethan Miller 0-0: Ball
1-0: Called Strike
1-1: Foul Ball, location: 2F
1-2: Strikes out swinging
Top of the 6th over - 1 run(s), 2 hit(s), 0 error(s), 1 left on base; Bloomington 5 - Port Royal 0
BOTTOM OF THE 6TH
Port Royal Disaster batting - Pitching for Bloomington Longnecks : RHP Pedro Lara
Batting: LHB Davis Mills 0-0: Foul Ball, location: 2F
0-1: Called Strike
0-2: Ball
1-2: Strikes out looking
Batting: RHB Martín Méndez 0-0: Called Strike
0-1: Ball
1-1: Ball
2-1: Swinging Strike
2-2: Ball
3-2: Base on Balls
Batting: LHB Chia-ch'ing Dodman 0-0: Ball
1-0: Called Strike
1-1: Foul Ball, location: 2F
1-2: Strikes out swinging
Batting: SHB Arsenio Sameiro 0-0: Called Strike
0-1: Ball
1-1: Ball
2-1: Called Strike
2-2: Ground out U3 (Groundball, 3L)
Bottom of the 6th over - 0 run(s), 0 hit(s), 0 error(s), 1 left on base; Bloomington 5 - Port Royal 0
TOP OF THE 7TH
Bloomington Longnecks batting - Pitching for Port Royal Disaster : RHP Juan Carlos Maestas
Batting: RHB Aurelio Vázquez 0-0: Called Strike
0-1: Foul Ball, location: 2F
0-2: Ball
1-2: SINGLE (Groundball, 56D)
Batting: RHB Noriaki Okada 0-0: Ball
1-0: Fly out, F9 (Flyball, 9LSF)
Batting: SHB Jared Jefferson 0-0: Ball
1-0: Fly out, F7 (Flyball, 78M)
Batting: LHB Felipe López 0-0: Ball
1-0: Ball
2-0: SINGLE (Groundball, 6) (infield hit)
Aurelio Vázquez to second
Batting: LHB Gonzalo López 0-0: Ball
1-0: Ball
2-0: Ball
3-0: Foul Ball, location: 2F
3-1: Foul Ball, location: 2F
3-2: Base on Balls
Aurelio Vázquez to third
Felipe López to second
Batting: RHB Raúl Delgado 0-0: Called Strike
0-1: Ball
Wild Pitch!
Aurelio Vázquez scores
Felipe López to third
Gonzalo López to second
1-1: Swinging Strike
1-2: Foul Ball, location: 2F
1-2: Ball
2-2: Foul Ball, location: 2F
2-2: Foul Ball, location: 2F
2-2: Ground out 5-3 (Groundball, 56S)
Top of the 7th over - 1 run(s), 2 hit(s), 0 error(s), 2 left on base; Bloomington 6 - Port Royal 0
BOTTOM OF THE 7TH
Port Royal Disaster batting - Pitching for Bloomington Longnecks : RHP Pedro Lara
Now at 3B: Dave Farr
Batting: SHB Bob Rogers 0-0: Called Strike
0-1: DOUBLE (Line Drive, 9LM)
Batting: RHB Ronnie Cleveland 0-0: Called Strike
0-1: Called Strike
0-2: Ball
1-2: Ball
2-2: SINGLE (Line Drive, 6D)
Bob Rogers to third
Batting: RHB Aurelio García 0-0: Ball
1-0: Ball
2-0: Ball
3-0: Swinging Strike
3-1: Foul Ball, location: 2F
3-2: Foul Ball, location: 2F
3-2: Fly out, F7 (Flyball, 7)
Runner from 3rd tags up, SCORES, no throw
Batting: RHB Manuel Becerra 0-0: Ball
1-0: Ball
2-0: Swinging Strike
2-1: Ball
3-1: Base on Balls
Ronnie Cleveland to second
Pitching: RHP Gonçalo Conxacha
Batting: RHB Sergio Martínez 0-0: Called Strike
0-1: SINGLE (Line Drive, 78S)
Ronnie Cleveland to third
Manuel Becerra to second
Runner from 3rd tries for Home, SAFE, throw made home
Manuel Becerra to third
Sergio Martínez to second
Batting: LHB Davis Mills 0-0: Ball
1-0: Ball
2-0: Ball
3-0: Base on Balls
Batting: RHB Martín Méndez 0-0: Ball
1-0: Foul Ball, location: 2F
1-1: Grounds into double play, 4-6-3 (Groundball, 4)
Bottom of the 7th over - 2 run(s), 3 hit(s), 0 error(s), 2 left on base; Bloomington 6 - Port Royal 2
TOP OF THE 8TH
Bloomington Longnecks batting - Pitching for Port Royal Disaster : RHP Juan Carlos Maestas
Batting: RHB Frank Crocker 0-0: Called Strike
0-1: Foul Ball, location: 2F
0-2: Ball
1-2: Ground out 6-3 (Groundball, 6)
Batting: RHB Darrell Terwey 0-0: Foul Ball, location: 2F
0-1: Swinging Strike
0-2: Ball
1-2: Ball
2-2: Ball
3-2: Fly out, F7 (Flyball, 7S)
Pitching: RHP Roberto Gómez
Batting: RHB Ethan Miller 0-0: Called Strike
0-1: Ball
1-1: Foul Ball, location: 2F
1-2: Ball
2-2: Ball
3-2: Foul Ball, location: 2F
3-2: Fly out, F9 (Flyball, 9LM)
Top of the 8th over - 0 run(s), 0 hit(s), 0 error(s), 0 left on base; Bloomington 6 - Port Royal 2
BOTTOM OF THE 8TH
Port Royal Disaster batting - Pitching for Bloomington Longnecks : RHP Gonçalo Conxacha
Batting: LHB Chia-ch'ing Dodman 0-0: Ball
1-0: Ball
2-0: Ball
3-0: Base on Balls
Batting: SHB Arsenio Sameiro 0-0: Ball
1-0: Ball
2-0: Called Strike
2-1: Ball
3-1: Fly out, F8 (Line Drive, 8LD)
Batting: SHB Bob Rogers 0-0: Ball
1-0: Called Strike
1-1: Ball
2-1: Ball
3-1: Base on Balls
Chia-ch'ing Dodman to second
Pitching: RHP Henry Hart
Batting: RHB Ronnie Cleveland 0-0: Ball
1-0: Called Strike
1-1: Ball
2-1: Foul Ball, location: 2F
2-2: Foul Ball, location: 2F
2-2: SINGLE (Groundball, 6) (infield hit)
Chia-ch'ing Dodman to third
Bob Rogers to second
Batting: RHB Aurelio García 0-0: Ball
1-0: Called Strike
1-1: SINGLE (Line Drive, 8LS)
Chia-ch'ing Dodman scores
Bob Rogers to third
Ronnie Cleveland to second
Batting: RHB Manuel Becerra 0-0: SINGLE (Groundball, 5D)
Bob Rogers scores
Ronnie Cleveland to third
Aurelio García to second
Runner from 3rd tries for Home, SAFE, no throw
Pinch Hitting: LHB José Martínez 0-0: Ball
1-0: Called Strike
1-1: Foul Ball, location: 2F
1-2: DOUBLE (Flyball, 7LD)
Aurelio García scores
Manuel Becerra to third
Runner from 3rd tries for Home, SAFE, no throw
Pitching: RHP Del Lamb
Batting: LHB Davis Mills 0-0: Ball
1-0: Fly out, F8 (Flyball, 78D)
Batting: RHB Martín Méndez 0-0: Ball
1-0: Ground out 6-3 (Groundball, 6)
Bottom of the 8th over - 5 run(s), 4 hit(s), 0 error(s), 1 left on base; Bloomington 6 - Port Royal 7
TOP OF THE 9TH
Bloomington Longnecks batting - Pitching for Port Royal Disaster : RHP Roberto Gómez
Pitching: LHP António Venegas
Now at 2B: Ángel Bruno
Now at SS: Barnett Armstrong
Batting: RHB Aurelio Vázquez 0-0: Swinging Strike
0-1: Ball
1-1: Ball
2-1: Fly out, F9 (Flyball, 89S)
Batting: RHB Noriaki Okada 0-0: Ball
1-0: Ball
2-0: Swinging Strike
2-1: Ball
3-1: Foul Ball, location: 2F
3-2: Fly out, F6 (Popup, 6)
Pinch Hitting: SHB Adrián Pueblo 0-0: SINGLE (Groundball, 56D)
Pinch Hitting: RHB Tom Potts 0-0: Ball
1-0: Ball
2-0: Ball
3-0: Base on Balls
Adrián Pueblo to second
Batting: RHB Dave Farr 0-0: Fielders Choice at 2nd, 6-4 (Groundball, 56)
Top of the 9th over - 0 run(s), 1 hit(s), 0 error(s), 1 left on base; Bloomington 6 - Port Royal 7
Friday, December 30th, 2016 - OOTP Baseball 17.12 Build 75